 Dungeon Crawl Stone Soup version 0.17.1-3-g152610e (webtiles) character file.

258 Gargoyl the Skirmisher (level 5, -1/42 HPs)
             Began as a Demonspawn Abyssal Knight on Mar 9, 2016.
             Was a Believer of Lugonu.
             Slain by a crimson imp
             ... wielding a +2 dagger of chaos
              (8 damage)
             ... on level 3 of the Dungeon.
             The game lasted 00:05:44 (3118 turns).

Gargoyl the Skirmisher (Demonspawn Abyssal Knight)  Turns: 3118, Time: 00:05:44

Health: -1/42      AC: 11    Str: 13    XL:     5   Next: 94%
Magic:  7/7        EV:  6    Int: 14    God:    Lugonu [**....]
Gold:   128        SH:  0    Dex: 12    Spells: 0 memorised, 4 levels left

rFire  + . .     SeeInvis .     a - +1 hand axe
rCold  . . .     Clarity  .     b - +0 chain mail
rNeg   . . .     SustAt   .     (no shield)
rPois  .         Gourm    .     k - +1 helmet
rElec  .         Spirit   .     (no cloak)
rCorr  .         Warding  .     (no gloves)
rMut   .         Stasis   .     (no boots)
MR     .....                    i - amulet of faith
Stlth  ..........               (no ring)
                                (no ring)

@: lethally poisoned (-1 -> -3), drained, not resistant to hostile enchantments,
extremely unstealthy
A: hooves 1, fire resistance 1, powered by death 1
a: Depart the Abyss, Bend Space, Renounce Religion


You were on level 3 of the Dungeon.
You worshipped Lugonu.
Lugonu was pleased with you.
You were not hungry.

You visited 1 branch of the dungeon, and saw 3 of its levels.
You visited the Abyss 1 time.

You collected 128 gold pieces.

Inventory:

Hand Weapons
 a - a +1 hand axe (weapon)
Missiles
 g - 5 tomahawks (quivered)
Armour
 b - a +0 chain mail (worn)
 k - a +1 helmet (worn)
 o - a +0 hat
Jewellery
 i - an amulet of faith (around neck)
Scrolls
 d - 2 scrolls of amnesia {unknown}
 e - 2 scrolls of remove curse {unknown}
 f - a scroll of enchant weapon {unknown}
 n - 3 scrolls of identify {unknown}
Potions
 l - a potion of heal wounds {unknown}
 m - a potion of curing
Comestibles
 c - 2 bread rations
 h - a beef jerky
 j - 2 meat rations
 p - a chunk of flesh


   Skills:
 + Level 4.0(3.9) Fighting
 + Level 3.1(2.9) Axes
 + Level 3.3(3.2) Armour
 + Level 2.6(2.5) Dodging
 + Level 0.2(0.0) Stealth
 + Level 2.7(2.6) Invocations


You had 4 spell levels left.
You didn't know any spells.

Dungeon Overview and Level Annotations

Branches:
Dungeon (3/15)

Altars:
Xom


Innate Abilities, Weirdness & Mutations

You have large cloven feet.
Your flesh is heat resistant.
You regenerate a little health from kills.


Message History

The crimson imp is lightly wounded.
The crimson imp disappears for a moment.
The crimson imp hits you but does no damage.
You hit the crimson imp.
You kick the crimson imp, but do no damage.
The crimson imp is heavily wounded.
The crimson imp blinks!
Okay, then.
You feel sick.
The crimson imp picks up a beetle and eats it.
You hit the crimson imp. Your kick misses the crimson imp.
The crimson imp is heavily wounded.
The crimson imp hits you with a dagger of chaos.
You are electrocuted!
* * * LOW HITPOINT WARNING * * *
You hit the crimson imp.
The crimson imp is heavily wounded.
The crimson imp hits you but does no damage.
You are electrocuted!
You die...

.............#..........########
..................(.............
.............#..........###.)###
....(........####.......# #..#
................#.......###..#
##...........#..÷#.#........#
#.....#####.#.#.#.#.######.###
#.....#.#.#÷#5#.#.#..<..#....#
#.....#.#.#[.@....###.#.#..#.#
#.....#...#[#.......#..)#..#.#
#.....'._.'.###.##.........#.#
#.....#...#......#..#....#.#.#
#.....#.#.#......#..#....#.#.#
#.....#.#.#.........#$#.##.#.#
#)....#####..####.###.........
#............####...........
#....<.............##........


You could see a crimson imp.

Vanquished Creatures
  3 crimson imps (D:3)
  An orc wizard (D:3)
  Terence (D:3)
  3 adders
  3 gnolls (D:3)
  2 giant geckos
  2 orcs (D:3)
  A ball python (D:1)
  A giant cockroach (D:1)
  11 goblins
  4 hobgoblins
  4 kobolds
  10 bats
  4 giant newts
  2 rats
52 creatures vanquished.

Notes
Turn   | Place    | Note
--------------------------------------------------------------
     0 | Abyss:1  | Gargoyl the Demonspawn Abyssal Knight began the quest for the Orb.
     0 | Abyss:1  | Reached XP level 1. HP: 18/18 MP: 2/2
    90 | Abyss:1  | Noticed a wretched star
    91 | D:1      | Escaped the Abyss
   343 | D:1      | Reached skill level 1 in Dodging
   418 | D:1      | Reached * piety under Lugonu
   481 | D:1      | Gained mutation: You have large cloven feet. [demonic ancestry]
   481 | D:1      | Reached XP level 2. HP: 22/24 MP: 3/3
  1403 | D:2      | Gained mutation: You regenerate a little health from kills. [demonic ancestry]
  1403 | D:2      | Reached XP level 3. HP: 10/29 MP: 5/5
  2194 | D:3      | Noticed Terence
  2215 | D:3      | Killed Terence
  2215 | D:3      | Reached XP level 4. HP: 13/36 MP: 6/6
  2391 | D:3      | Reached ** piety under Lugonu
  2570 | D:3      | Found a shimmering altar of Xom.
  2585 | D:3      | Gained mutation: Your flesh is heat resistant. [demonic ancestry]
  2585 | D:3      | Reached XP level 5. HP: 28/42 MP: 7/7
  2701 | D:3      | Reached skill level 4 in Fighting
  3118 | D:3      | Slain by a crimson imp

Action                   |  1- 3 |  4- 6 || total
-------------------------+-------+-------++-------
Melee: Hand axe          |   139 |   176 ||   315
Invok: Depart the Abyss  |     1 |       ||     1
  Use: Potion            |     4 |       ||     4
  Eat: Chunk             |     4 |     4 ||     8
